 Dungeon Crawl Stone Soup version 0.14.1-23-g35e4e54 (webtiles) character file.

166 Kae the Firebug (level 4, -2/24 HPs)
             Began as a Tengu Fire Elementalist on June 11, 2014.
             Slain by a jackal (3 damage)
             ... on Level 3 of the Dungeon.
             The game lasted 00:03:27 (2532 turns).

Kae the Firebug (Tengu Fire Elementalist)           Turns: 2532, Time: 00:03:28

HP  -2/24        AC  2     Str  8      XL: 4   Next: 66%
MP   7/9         EV 12     Int 17      God:
Gold 71          SH  0     Dex 14      Spells:  3 memorised,  2 levels left

rFire  . . .     SeeInvis .     f - +0 spear
rCold  . . .     Clarity  .     a - +0 robe
rNeg   . . .     Conserve .     (no shield)
rPois  .         rCorr    .     (helmet restricted)
rElec  .         rRot     .     (no cloak)
SustAb . .       Spirit   .     (no gloves)
rMut   .         Warding  .     (boots unavailable)
Saprov . . .     Stasis   .     (no amulet)
MR     .....                    (no ring)
                                (no ring)

@: not resistant to hostile enchantments, fairly stealthy
A: beak, talons 3
a: no special abilities


You were on level 3 of the Dungeon.
You were hungry.

You visited 1 branch of the dungeon, and saw 3 of its levels.

You collected 71 gold pieces.

Inventory:

Hand weapons
 f - a +0,+0 spear (weapon)
Armour
 a - a +0 robe (worn)
Comestibles
 c - 3 bread rations
 g - 16 strawberries
 h - 2 meat rations
 j - a pear
 s - a chunk of giant newt flesh
Scrolls
 d - 3 scrolls of random uselessness {unknown}
 e - a scroll of teleportation {unknown}
 i - a scroll of enchant weapon II {unknown}
 k - 3 scrolls of identify {unknown}
 m - a scroll of noise {unknown}
 o - 2 scrolls of blinking {unknown}
 p - a scroll of remove curse {unknown}
Potions
 l - a potion of beneficial mutation {unknown}
 n - a potion of heal wounds
 q - a potion of agility {unknown}
 r - a potion of berserk rage {unknown}
Books
 b - a book of Flames

   Spells                             Type                      Level
   *Flame Tongue                      Conjuration/Fire             1
   *Throw Flame                       Conjuration/Fire             2
   *Conjure Flame                     Conjuration/Fire             3
   Inner Flame                        Hexes/Fire                   3
   Sticky Flame                       Conjuration/Fire             4
   Fireball                           Conjuration/Fire             5


   Skills:
 - Level 2.1 Dodging
 - Level 2.0 Stealth
 + Level 2.5 Spellcasting
 * Level 3.8 Conjurations
 * Level 4.4 Fire Magic


You had 2 spell levels left.
You knew the following spells:

 Your Spells              Type           Power        Failure   Level  Hunger
a - Flame Tongue          Conj/Fire      ###..        3%          1    #......
b - Throw Flame           Conj/Fire      ###...       6%          2    ##.....
c - Conjure Flame         Conj/Fire      ###.....     12%         3    ###....


Dungeon Overview and Level Annotations

Branches:
Dungeon (3/15)

Altars:


Innate Abilities, Weirdness & Mutations

You have a beak for a mouth.
You have claws for feet.


Message History

Casting: Flame Tongue
Confirm with . or Enter, or press ? or * to list all spells.
Aiming: Flame Tongue
Press: ? - help, Shift-Dir - straight line, f/p - orc
Aim: an orc, wielding a flail and wearing a ring mail (lightly wounded)
The flame tongue hits the orc.
The orc is severely wounded.
The jackal bites you but does no damage.
The orc hits you with a flail!
* * * LOW HITPOINT WARNING * * *
The jackal misses you.
Casting: Flame Tongue
Confirm with . or Enter, or press ? or * to list all spells.
Aiming: Flame Tongue
Press: ? - help, Shift-Dir - straight line, f/p - orc
Aim: an orc, wielding a flail and wearing a ring mail (severely wounded)
The flame tongue hits the orc.
You kill the orc!
The jackal bites you.
You die...

.....### .......
...... #....## . #.
#.....# ....
##..#..)..##....
..<.....)........#
#%.h..##...)#
#..)@.##....#
#.#.#%##....#.#
#.#.#.##....#...
..#.#.#.##...[#....
.....................
?.#.#.#.##..........
#.#.##.......##
#.#.##.......#
.#.##.......#


You could see a jackal.

Vanquished Creatures
  2 adders (D:2)
  A worm (D:2)
  An ooze (D:2)
  2 orcs (D:3)
  2 giant cockroaches (D:1)
  7 hobgoblins
  10 jackals (D:2)
  6 kobolds
  3 quokkas (D:2)
  7 bats
  6 giant newts
  11 goblins
  8 rats
66 creatures vanquished.

Notes
Turn   | Place    | Note
--------------------------------------------------------------
     0 | D:1      | Kae, the Tengu Fire Elementalist, began the quest for the Orb.
     0 | D:1      | Reached XP level 1. HP: 10/10 MP: 3/3
     6 | D:1      | Noticed a killer bee
     6 | D:1      | Noticed a hound
     6 | D:1      | Noticed a black mamba
     6 | D:1      | Noticed a black bear
   312 | D:1      | Reached XP level 2. HP: 9/15 MP: 3/5
   958 | D:2      | Reached XP level 3. HP: 13/19 MP: 7/7
  1723 | D:2      | Reached skill level 4 in Fire Magic
  1738 | D:2      | Reached XP level 4. HP: 7/24 MP: 2/9
  2457 | D:3      | Learned a level 2 spell: Throw Flame
  2461 | D:3      | Learned a level 3 spell: Conjure Flame
  2531 | D:3      | HP: 1/24 [orc/flail (8)]
  2532 | D:3      | Slain by a jackal

Action                   |  1- 3 |  4- 6 || total
-------------------------+-------+-------++-------
Melee: Spear             |   114 |    48 ||   162
       Unarmed           |     6 |       ||     6
 Cast: Flame Tongue      |    27 |    20 ||    47
  Use: Potion            |     3 |       ||     3
 Stab: Sleeping          |     4 |       ||     4
